 Dungeon Crawl Stone Soup version 0.31-a0-984-gbfb7dba898 (webtiles) character file.

Game seed: 3279154029147438112

310 BinkBink the Shooter (level 6, -5/36 HPs)
             Began as a Deep Elf Hunter on Nov 3, 2023.
             Slain by a black bear (7 damage)
             ... on level 4 of the Dungeon.
             The game lasted 00:04:40 (2914 turns).

BinkBink the Shooter (Deep Elf Hunter)              Turns: 2914, Time: 00:04:41

Health: -5/36      AC:  0    Str:  8    XL:     6   Next: 17%
Magic:  8/8        EV: 14    Int: 14    God:
Gold:   201        SH:  0    Dex: 20    Spells: 5/5 levels left

rFire   . . .        a - +0 shortbow
rCold   . . .        (shield currently unavailable)
rNeg    . . .        (no body armour)
rPois   .            (helmet currently unavailable)
rElec   .            (cloak currently unavailable)
rCorr   .            (gloves currently unavailable)
SInv    .            (boots currently unavailable)
Will    .....        (no amulet)
Stlth   +++          (no ring)
HPRegen 0.26/turn    (no ring)
MPRegen 0.11/turn

%: no passive effects
@: lethally poisoned (-5 -> -7), beast-form, attractive
A: beast (slay +0)
a: Begin Untransformation


You were on level 4 of the Dungeon.
You were a hulking beast.
You visited 1 branch of the dungeon, and saw 4 of its levels.

You collected 201 gold pieces.

Inventory:

Hand Weapons
 a - a +0 shortbow (weapon)
Missiles
 p - a throwing net
Jewellery
 i - a ring of magical power
 n - a ring of ice
Talismans
 q - a beast talisman (active)
Scrolls
 b - 2 scrolls of amnesia
 c - 2 scrolls of identify
 g - 3 scrolls of enchant armour
 k - a scroll of immolation {unknown}
 m - 2 scrolls of teleportation {unknown}
Potions
 d - a potion of might {unknown}
 f - a potion of lignification {unknown}
 h - a potion of heal wounds {unknown}
 l - a potion of invisibility {unknown}
 o - a potion of brilliance {unknown}
 r - a potion of curing {unknown}


   Skills:
 + Level 2.6 Fighting
 * Level 7.3 Ranged Weapons
 + Level 4.0 Dodging
 + Level 3.5 Stealth
 + Level 1.3 Shapeshifting


You had 5 spell levels left.
You didn't know any spells.
Your spell library contained the following spells:

 Spells                   Type           Power      Damage    Failure   Level
 Magic Dart               Conj           0%         1d3       28%         1
 Searing Ray              Conj           0%         2d4       41%         2
 Gell's Gravitas          Tloc           0%         N/A       65%         3
 Teleport Other           Tloc           0%         N/A       65%         3
 Fulminant Prism          Conj/Hex       0%         3d5       96%         4
 Alistair's Intoxication  Tmut/Pois      0%         N/A       100%        5
 Borgnjor's Vile Clutch   Necr/Erth      0%         N/A       100%        5
 Dispersal                Tloc           0%         N/A       100%        6
 Eringya's Noxious Bog    Tmut/Pois      0%         4d6       100%        6


Dungeon Overview and Level Annotations

Branches:
Dungeon (4/15)
 Temple: D:4-7

Altars:
Gozag

Shops:
D:3 :

Annotations:
D:3 1 runed translucent door, Crazy Yiuf
D:4 Pikel


Message History

The lemure misses you.
You feel sick.
The black bear growls angrily.
You hear a shout!
You feel sick. The adder attacks as it pursues you!
The adder barely misses you.
You feel sick.
You are no longer poisoned.
The lemure attacks as it pursues you! The lemure misses you.
The adder attacks as it pursues you! The adder bites you.
The lemure barely misses you.
The kobold shouts!
The adder misses you. The black bear bites you!
The black bear closely misses you. The black bear claws you.
You see here 5 stones.
The adder attacks as it pursues you! The adder barely misses you.
The adder closely misses you. The adder attacks as it pursues you!
The adder completely misses you.
An orc zombie comes into view.
The adder attacks as it pursues you! The adder completely misses you.
A goblin comes into view. It is wielding a +0 club.
The adder barely misses you.
As you read the scroll labelled MADIR KIMNEVU, it crumbles to dust.
It is a scroll of amnesia.
You feel forgetful for a moment. The adder bites you.
* * * LOW HITPOINT WARNING * * *
You are poisoned.
The adder poisons you!
As you read the scroll labelled YROLUSSUCUF, it crumbles to dust.
It is a scroll of identify.
g - 3 scrolls of enchant armour You feel sick.
As you read the scroll labelled TOUFAMMILE, it dissolves into smoke.
It was a scroll of fog.
You feel sick. The lemure hits you.
* * * LOW HITPOINT WARNING * * *
It was a potion of attraction.
You feel attractive to monsters.
* * * LOW HITPOINT WARNING * * *
You feel sick. The lemure closely misses you. The black bear bites you!
You die...

..#######...#
..##........#
..##........##
..##...?...5.##
..##.......#(K##
....).5....##..########.
...##.##...###gS#.§....g
...##......+ ##h5§.....#
...#...#..K# #.#h§§....#
...........##..##§§....#
####.....#.#... #§...##
. ....#.Z... #..## .
#.#... ..# . ...##.. .#
. .. ##. # . .


You could see a black bear, a lemure, an adder and 2 goblins.

Vanquished Creatures
  A black bear (D:3)
  Jessica (D:3)
  Natasha (thrice) (D:3)
  Terence (D:2)
  An iguana (D:3)
  An adder (D:2)
  2 worms (D:3)
  A dart slug (D:2)
  2 orcs
  4 ball pythons
  6 endoplasms
  3 giant cockroaches
  4 goblins
  4 hobgoblins
  4 jackals
  3 quokkas
  3 bats
  3 frilled lizards
  2 kobolds
  4 rats
53 creatures vanquished.

Notes
Turn   | Place    | Note
-------+----------+-------------------------------------------
     0 | D:1      | BinkBink the Deep Elf Hunter began the quest for the Orb.
     0 | D:1      | Reached XP level 1. HP: 12/12 MP: 3/3
   320 | D:1      | Reached XP level 2. HP: 17/17 MP: 4/4
  1208 | D:2      | Reached XP level 3. HP: 16/21 MP: 5/5
  1245 | D:2      | Reached skill level 6 in Ranged Weapons
  1458 | D:2      | Noticed Terence
  1468 | D:2      | Killed Terence
  1469 | D:2      | Reached XP level 4. HP: 16/26 MP: 6/6
  1710 | D:3      | Noticed a black bear
  1869 | D:3      | Noticed Jessica
  1871 | D:3      | Killed Jessica
  1906 | D:3      | Identified the +2 robe "Xitaol" {rPois Dex-5 Archmagi}
  2016 | D:3      | Identified the +1 hammer "Odghuot" {venom, rPois rC- rN+}
  2018 | D:3      | Found a runed translucent door.
  2019 | D:3      | Noticed Crazy Yiuf
  2183 | D:3      | Reached XP level 5. HP: 31/31 MP: 7/7
  2196 | D:3      | Found Imaojaapt's Book Boutique.
  2216 | D:3      | Noticed Natasha
  2223 | D:3      | Killed Natasha
  2239 | D:3      | Found an opulent altar of Gozag.
  2275 | D:3      | Killed a black bear
  2276 | D:3      | Reached skill level 7 in Ranged Weapons
  2276 | D:3      | Reached skill level 1 in Shapeshifting
  2502 | D:3      | Noticed Natasha
  2506 | D:3      | Killed Natasha
  2507 | D:3      | Reached XP level 6. HP: 36/36 MP: 8/8
  2602 | D:3      | Noticed Natasha
  2605 | D:3      | Killed Natasha
  2785 | D:4      | Noticed Pikel
  2914 | D:4      | Slain by a black bear

Illustrated notes

Levels and vault maps discovered:
D:1:      scummos_arrival_simple_fountains, layout_loops_corners,
          serial_bayou_lagoon_a, hangedman_decor_push, serial_park_tiny_1
D:2:      layout_rooms, uniq_terence
D:3:      layout_basic, mainiacjoe_overflow_concentric_impassable, serial_shops,
          nicolae_shop_just_a_little_nook, uniq_crazy_yiuf_cottage,
          uniq_jessica, uniq_natasha
D:4:      layout_rooms, kennysheep_mini, nicolae_ossuary_entry_giza, uniq_pikel

Skill      XL: |  1  2  3  4  5  6 |
---------------+-------------------+-----
Stealth        | 2 3 |  3.5
Fighting       | 2 |  2.6
Ranged Weapons | 6 7 |  7.3
Dodging        | 3 4 |  4.0
Shapeshifting  | 1 |  1.3

Action                     |  1- 3 |  4- 6 || total
---------------------------+-------+-------++-------
   Fire: Shortbow          |    89 |    85 ||   174
    Use: Scroll            |       |     4 ||     4
         Potion            |       |     1 ||     1
 Armour: Leather armour    |     5 |       ||     5
         Skin              |     8 |    21 ||    29
  Dodge: Dodged            |    21 |    24 ||    45
   Form: Beast             |       |     1 ||     1

Table legend: (Time is in decaauts)
 A = Elapsed time spent in this place.
 B = Non-inter-level travel time spent in this place.
 C = Inter-level travel time spent in this place.
 D = Time resting spent in this place.
 E = Time spent auto-exploring this place.
 F = Levels seen in this place.
 G = Mean time per level.
                   A        B        C        D        E       F      G
               +--------+--------+--------+--------+--------+-----+--------+
         Total |   2931 |   2749 |    182 |    112 |   2183 |   4 |  732.8 |
       Dungeon |   2931 |   2749 |    182 |    112 |   2183 |   4 |  732.8 |
               +--------+--------+--------+--------+--------+-----+--------+

Top non-repeatable levels by time:
     D:1: 1135 daAuts
     D:3: 940 daAuts
     D:2: 686 daAuts
     D:4: 169 daAuts
